 Dungeon Crawl Stone Soup version 0.29.1 (webtiles) character file.

Game seed: 6073243768104151668

1127 qw the Chopper (level 8, -1/49 HPs)
             Began as a Gargoyle Fighter on Sept 13, 2022.
             Was a Follower of Okawaru.
             Slain by a slime creature (3 damage)
             ... on level 5 of the Dungeon.
             The game lasted 00:01:59 (5622 turns).

qw the Chopper (Gargoyle Fighter)                   Turns: 5622, Time: 00:02:00

Health: -1/49      AC: 19    Str: 16    XL:     8   Next: 35%
Magic:  9/10       EV: 12    Int: 10    God:    Okawaru [*.....]
Gold:   358        SH:  5    Dex:  9    Spells: 7/7 levels left

rFire   + . .      SeeInvis .   Y - +1 war axe (venom)
rCold   + + .      Faith    .   c - +0 buckler
rNeg    + . .      Spirit   .   g - +4 ring mail of Noon {rC++ Will- Str-5 Slay+4}
rPois   inf        Reflect  .   j - +0 helmet
rElec   +          Harm     .   f - +0 cloak
rCorr   .          Rampage  .   (no gloves)
Will    .....                   (no boots)
Stlth   ++........              (no amulet)
HPRegen 0.16/turn               l - ring of protection from fire
MPRegen 0.12/turn               (no ring)

@: about to teleport, heroic
A: sickness immunity, AC +5, negative energy resistance 1, electricity
resistance, torment resistance 1, petrification resistance
a: Renounce Religion, Heroism


You were on level 5 of the Dungeon.
You worshipped Okawaru.
Okawaru was aware of your devotion.
You visited 2 branches of the dungeon, and saw 6 of its levels.
You also visited: Sewer.

You collected 358 gold pieces.


Innate Abilities, Weirdness & Mutations

You are immune to sickness and miasma.
Your stone body is resilient. (AC +5)
You are immune to poison.
You resist negative energy. (rN+)
You are resistant to electric shocks. (rElec)
You are resistant to unholy torment.
You are immune to petrification.


   Skills:
 - Level 5.1(10.1) Fighting
 + Level 7.1(12.1) Axes
 - Level 2.0(7.0) Throwing
 - Level 3.2(8.2) Armour
 - Level 1.1(6.1) Dodging
 - Level 3.2(8.2) Shields
 + Level 3.5 Invocations


You had 7 spell levels left.
You didn't know any spells.
Your spell library was empty.

Inventory:

Hand Weapons
 q - a +0 flail
 Y - a +1 war axe of venom (weapon)
Missiles
 b - 2 javelins (quivered)
 t - 8 boomerangs
Armour
 c - a +0 buckler (worn)
 f - a +0 cloak (worn)
 g - the +4 ring mail of Noon (worn) {rC++ Will- Str-5 Slay+4}
   (You found it on level 3 of the Dungeon)

   Str:       It affects your strength (-5).
   Slay:      It affects your accuracy & damage with ranged weapons and melee
   (+4).
   rC:        It greatly protects you from cold.
   Will:      It decreases your willpower.
 h - a +0 chain mail
 j - a +0 helmet (worn)
 r - a +0 pair of gloves
 s - a +1 pair of gloves
Jewellery
 l - a ring of protection from fire (left hand)
Scrolls
 a - a scroll of identify
 i - a scroll of blinking
Potions
 d - a potion of might
 e - 2 potions of heal wounds
 k - 3 potions of curing
 m - a potion of mutation
 n - 3 potions of lignification
 o - a potion of attraction
 u - a potion of brilliance {unknown}

Dungeon Overview and Level Annotations

Branches:
Dungeon (5/15)             Temple (1/1) D:4           Sewer (visited)

Altars:
Cheibriados
Dithmenos
Elyvilon
Fedhas
Gozag
Hepliaklqana
Kikubaaqudgha
Makhleb
Nemelex Xobeh
Okawaru
Qazlal
Ru
Sif Muna
Trog
Uskayaw
Vehumet
Wu Jian
Xom
Yredelemnul
Zin
The Shining One


Message History

The slime creature hits you. The jelly hits you but does no damage.
You slash the jelly!
You kill the jelly!
Okawaru accepts your kill.
You slash the slime creature!
The slime creature is poisoned.
The slime creature hits you.
A large slime creature splits.
You slash the slime creature!
The slime creature is heavily wounded.
You hit the endoplasm.
The slime creature hits you but does no damage.
The endoplasm hits you but does no damage.
You barely miss the slime creature.
The slime creature is heavily wounded.
You hit the endoplasm.
The endoplasm is poisoned.
You kill the endoplasm!
Okawaru accepts your kill. The slime creature hits you!
You slice the slime creature!!
The slime creature looks as sick as possible!
The slime creature is almost dead.
You slash the jelly!
Your hands burn!
Two slime creatures merge to form a large slime creature.
You block the jelly's attack.
Two slime creatures merge to form a very large slime creature.
You slash the jelly!
You kill the jelly!
Okawaru accepts your kill.
You hit the very large slime creature.
The very large slime creature looks as sick as possible!
A very large slime creature splits.
You hit the large slime creature.
The large slime creature is moderately wounded.
You slash the slime creature! The large slime creature hits you!!
Ouch! That really hurt!
5622 ||| READING scroll of teleportation.
As you read the scroll of teleportation, it crumbles to dust.
You feel strangely unstable. The slime creature hits you.
You die...

#.# #.......##.# ##'# #.###
#..[....##.####### #... #...#
#.......##.##....####... .##.#
#.......##..'....'..'... .##.#
####....#####....####... .##.#
##..'....# #....# #... ###.##
#.######## #....# #... #..#
##.....)## #....# #### ##.#
#######@# ###### ###. #.#
.%...%JJJ# ##... #.# .........#
####.... #.## ........%#
###..>.#.. ####..# %........#
###...#..+.. ....#.# ........(#
#...###.##.. ###.#.## ?........#
#.#####+##.. ....#..#
#############.####....##
....##.#############......'....#


You could see a large slime creature (very poisoned), a slime creature (very
poisoned) and an endoplasm.

Vanquished Creatures
  Grinder (D:5)
  2 black bears (D:5)
  A kobold brigand (D:5)
  2 bullfrogs (Sewer)
  A scorpion (D:5)
  A hound (D:5)
  6 jellies
  An orc priest (D:5)
  An orc wizard (D:5)
  8 adders
  2 river rats (D:4)
  A dart slug (D:4)
  2 worms
  5 orcs
  2 bats (D:1)
  18 endoplasms
  10 giant cockroaches
  7 goblins
  4 hobgoblins
  3 jackals (D:2)
  11 kobolds
  19 quokkas
  11 ball pythons
  12 frilled lizards
  11 rats
142 creatures vanquished.

Vanquished Creatures (others)
  6 fungi (D:5)
  10 toadstools (D:5)
16 creatures vanquished.

Grand Total: 158 creatures vanquished

Notes
Turn   | Place    | Note
-------+----------+-------------------------------------------
     0 | D:1      | qw the Gargoyle Fighter began the quest for the Orb.
     0 | D:1      | Reached XP level 1. HP: 14/14 MP: 1/1
     0 | D:1      | 0 ||| qw: Version: 0.1-a-119-g272c26d
     0 | D:1      | 0 ||| qw: Game counter: 11302
     0 | D:1      | 0 ||| qw: Always use a shield: true
     0 | D:1      | 0 ||| qw: God list: Okawaru
     0 | D:1      | 0 ||| qw: Allow faded altars: false
     0 | D:1      | 0 ||| qw: Do Orc after D:15 true
     0 | D:1      | 0 ||| qw: Do second Lair branch before Depths: true
     0 | D:1      | 0 ||| qw: Lair rune preference: random
     0 | D:1      | 0 ||| qw: Plans: Normal, Zot, God:TSO, Crypt, Tomb, Pan,
                  | Slime, Hells, Zig, Abyss, Orb
     0 | D:1      | 0 ||| PLANNING D:1-11
    66 | D:1      | Reached skill level 2 in Axes
   269 | D:1      | Reached XP level 2. HP: 19/19 MP: 2/2
   278 | D:1      | Found a faded altar of an unknown god.
   746 | D:1      | 746 ||| UPGRADING to +0 helmet.
   751 | D:1      | 751 ||| READING 4 scrolls labelled YCAWEZX PIPT.
   752 | D:1      | 752 ||| READING 3 scrolls labelled JILADE ZEZXIHO.
   753 | D:1      | 753 ||| READING 2 scrolls of brand weapon.
   753 | D:1      | 753 ||| BRANDING +0 war axe of protection.
   754 | D:1      | 754 ||| READING scroll of brand weapon.
   754 | D:1      | 754 ||| BRANDING +0 vorpal war axe.
   755 | D:1      | 755 ||| READING scroll labelled WOUNGA JAONO.
   760 | D:1      | 760 ||| READING scroll labelled QES OS EWA.
   761 | D:1      | 761 ||| READING 3 scrolls labelled CIWOMNARRYH.
   762 | D:1      | 762 ||| READING scroll labelled GITANG SYNGU.
   763 | D:1      | 763 ||| DRINKING 2 glowing golden potions.
   799 | D:1      | 799 ||| READING 3 scrolls of identify.
   799 | D:1      | 799 ||| IDENTIFYING smoky inky potion
   800 | D:1      | 800 ||| READING 2 scrolls of identify.
   800 | D:1      | 800 ||| IDENTIFYING ruby potion
   801 | D:1      | 801 ||| DROPPING potion of degeneration.
   802 | D:1      | 802 ||| DROPPING 2 scrolls of magic mapping.
   868 | D:2      | Reached skill level 3 in Axes
   883 | D:2      | Reached XP level 3. HP: 14/23 MP: 3/3
  1176 | D:2      | 1176 ||| Stepping ~*~*~tactically~*~*~ (stealth).
  1177 | D:2      | 1177 ||| Stepping ~*~*~tactically~*~*~ (stealth).
  1191 | D:2      | 1191 ||| Stepping ~*~*~tactically~*~*~ (stealth).
  1321 | D:2      | Found a shimmering altar of Xom.
  1362 | D:2      | 1362 ||| DROPPING +0 club.
  1483 | D:2      | 1483 ||| Stepping ~*~*~tactically~*~*~ (stealth).
  1554 | D:2      | Reached XP level 4. HP: 24/28 MP: 4/4
  1758 | D:2      | 1758 ||| UPGRADING to +0 cloak.
  1763 | D:2      | 1763 ||| UPGRADING to +0 chain mail.
  1773 | D:2      | 1773 ||| DROPPING +0 scale mail.
  1774 | D:2      | 1774 ||| UPGRADING to ring of protection from fire.
  1775 | D:2      | 1775 ||| DRINKING 2 yellow potions.
  1776 | D:2      | 1776 ||| READING 2 scrolls of identify.
  1776 | D:2      | 1776 ||| IDENTIFYING amethyst potion
  1777 | D:2      | 1777 ||| DROPPING potion of magic.
  1835 | D:3      | Identified the +4 ring mail of Noon {rC++ Will- Str-5
                  | Slay+4}
  1937 | D:3      | Reached skill level 4 in Axes
  1939 | D:3      | 1939 ||| DROPPING +0 whip.
  2371 | D:3      | 2371 ||| UPGRADING to +4 ring mail of Noon {rC++ Will-
                  | Str-5 Slay+4}.
  2381 | D:3      | 2381 ||| READING scroll labelled MUFUNWA KISTRE.
  2382 | D:3      | 2382 ||| READING scroll labelled TIHIET FYRIU.
  2383 | D:3      | 2383 ||| READING scroll labelled ZIQICR XOMODAV.
  2504 | D:4      | 2504 ||| PLANNING SEWER
  2620 | D:4      | 2620 ||| Stepping ~*~*~tactically~*~*~ (stealth).
  2682 | D:4      | Reached XP level 5. HP: 21/32 MP: 5/5
  2786 | D:4      | 2786 ||| Stepping ~*~*~tactically~*~*~ (stealth).
  2884 | D:4      | Found a glowing drain.
  2886 | D:4      | 2886 ||| READING 2 scrolls of identify.
  2886 | D:4      | 2886 ||| IDENTIFYING fizzy yellow potion
  2909 | D:4      | 2909 ||| FLEEEEING.
  2910 | D:4      | 2910 ||| FLEEEEING.
  2911 | D:4      | 2911 ||| FLEEEEING.
  2912 | D:4      | 2912 ||| FLEEEEING.
  2913 | D:4      | 2913 ||| FLEEEEING.
  2914 | D:4      | 2914 ||| FLEEEEING.
  2916 | D:4      | 2916 ||| FLEEEEING.
  2917 | D:4      | 2917 ||| FLEEEEING.
  2918 | D:4      | 2918 ||| FLEEEEING.
  2919 | D:4      | 2919 ||| FLEEEEING.
  2920 | D:4      | 2920 ||| FLEEEEING.
  2921 | D:4      | 2921 ||| FLEEEEING.
  2922 | D:4      | 2922 ||| FLEEEEING.
  2923 | D:4      | 2923 ||| FLEEEEING.
  2924 | D:4      | 2924 ||| FLEEEEING.
  2925 | D:4      | 2925 ||| STAIRDANCE
  2930 | D:4      | 2930 ||| STAIRDANCE
  2953 | Sewer    | Entered a sewer
  3011 | Sewer    | Reached skill level 5 in Axes
  3030 | Sewer    | 3030 ||| Stepping ~*~*~tactically~*~*~ (water).
  3086 | Sewer    | 3086 ||| Stepping ~*~*~tactically~*~*~ (stealth).
  3149 | Sewer    | 3149 ||| Stepping ~*~*~tactically~*~*~ (water).
  3184 | Sewer    | Reached skill level 1 in Dodging
  3229 | Sewer    | 3229 ||| Stepping ~*~*~tactically~*~*~ (water).
  3271 | Sewer    | 3271 ||| Stepping ~*~*~tactically~*~*~ (water).
  3372 | Sewer    | 3372 ||| Stepping ~*~*~tactically~*~*~ (water).
  3379 | Sewer    | Reached XP level 6. HP: 34/39 MP: 6/6
  3423 | Sewer    | 3423 ||| READING scroll labelled YKESCH OMYIBB.
  3437 | D:4      | 3437 ||| PLANNING D:1-11
  3473 | D:4      | Found a hazy altar of Hepliaklqana.
  3820 | D:4      | Found a stormy altar of Qazlal.
  3870 | D:4      | Found a staircase to the Ecumenical Temple.
  3872 | D:4      | 3872 ||| PLANNING TEMPLE
  3881 | Temple   | Entered the Ecumenical Temple
  4104 | Temple   | 4104 ||| PLANNING D:1-11
  4178 | Temple   | Became a worshipper of Warmaster Okawaru
  4367 | D:4      | 4367 ||| READING 3 scrolls of identify.
  4367 | D:4      | 4367 ||| IDENTIFYING glowing emerald potion
  4368 | D:4      | 4368 ||| READING 2 scrolls of identify.
  4368 | D:4      | 4368 ||| IDENTIFYING red potion
  4369 | D:4      | 4369 ||| DROPPING potion of ambrosia.
  4384 | D:5      | Entered Level 5 of the Dungeon
  4430 | D:5      | 4430 ||| Stepping ~*~*~tactically~*~*~ (stealth).
  4431 | D:5      | 4431 ||| Stepping ~*~*~tactically~*~*~ (stealth).
  4436 | D:5      | 4436 ||| Stepping ~*~*~tactically~*~*~ (stealth).
  4437 | D:5      | 4437 ||| Stepping ~*~*~tactically~*~*~ (stealth).
  4459 | D:5      | Found a burning altar of Makhleb.
  4539 | D:5      | Noticed a black bear
  4547 | D:5      | Killed a black bear
  4548 | D:5      | Reached XP level 7. HP: 41/44 MP: 7/7
  4615 | D:5      | Noticed Grinder
  4616 | D:5      | 4616 ||| Stepping ~*~*~tactically~*~*~ (hiding).
  4627 | D:5      | Reached skill level 1 in Throwing
  4631 | D:5      | Killed Grinder
  4631 | D:5      | Reached * piety under Okawaru
  4632 | D:5      | Reached skill level 6 in Axes
  4856 | D:5      | 4856 ||| INVOKING Heroism.
  4863 | D:5      | Reached skill level 1 in Invocations
  4955 | D:5      | 4955 ||| INVOKING Heroism.
  4967 | D:5      | Reached XP level 8. HP: 35/49 MP: 7/9
  4969 | D:5      | 4969 ||| INVOKING Heroism.
  5108 | D:5      | 5108 ||| INVOKING Heroism.
  5111 | D:5      | Reached skill level 7 in Axes
  5314 | D:5      | 5314 ||| INVOKING Heroism.
  5360 | D:5      | 5360 ||| INVOKING Heroism.
  5366 | D:5      | Reached skill level 3 in Invocations
  5410 | D:5      | Noticed a slime creature
  5411 | D:5      | 5411 ||| INVOKING Heroism.
  5417 | D:5      | 5417 ||| Stepping ~*~*~tactically~*~*~ (stealth).
  5421 | D:5      | HP: 2/49 [slime creature (13)]
  5422 | D:5      | 5422 ||| READING 2 scrolls of teleportation.
  5423 | D:5      | 5423 ||| DRINKING 3 potions of heal wounds.
  5586 | D:5      | 5586 ||| Stepping ~*~*~tactically~*~*~ (stealth).
  5612 | D:5      | Noticed a slime creature
  5612 | D:5      | Noticed a slime creature
  5613 | D:5      | 5613 ||| INVOKING Heroism.
  5621 | D:5      | HP: 2/49 [large slime creature (26)]
  5622 | D:5      | 5622 ||| READING scroll of teleportation.
  5622 | D:5      | Slain by a slime creature

Levels and vault maps discovered:
D:1:      wander_arrival_peaceful_grave, layout_basic,
          ebering_ecumenical_altar_webs, chequers_mini_garden, minmay_liquid_box
D:2:      layout_loops_ring, basic_altar, ebering_dispersal_statue_hall,
          grunt_ministairs_7
D:3:      layout_loops_cross
D:4:      layout_cave_pods, nicolae_hepliaklqana_hazy_memory, lemuel_tele_altar,
          minmay_temple_entry_statues_fountains, portal_sewer_entry_a
D:5:      cheibrodos_fertilizer, layout_basic, amcnicky_altar_gilded,
          uniq_grinder
Temple:   minmay_temple_bridge_d

Skill      XL: |  1  2  3  4  5  6  7  8 |
---------------+-------------------------+-----
Axes           | 2 3 4 5 6 7 |  7.1
Dodging        | 1 |  1.1
Fighting       | 4 5 |  5.1
Throwing       | 1 2 |  2.0
Invocations    | 1 3 |  3.5
Armour         | |  3.2
Shields        | |  3.2

Action                   |  1- 3 |  4- 6 |  7- 9 || total
-------------------------+-------+-------+-------++-------
Melee: War axe           |    88 |   150 |    61 ||   299
Throw: Javelin           |       |       |     9 ||     9
Invok: Heroism           |       |       |     8 ||     8
  Use: Scroll            |    10 |     8 |     2 ||    20
       Potion            |     1 |     1 |     1 ||     3
Armor: Scale mail        |    29 |       |       ||    29
       Chain mail        |       |     6 |       ||     6
       Ring mail         |       |    71 |    29 ||   100
Dodge: Dodged            |    35 |    47 |    26 ||   108
Block: Buckler           |    14 |    21 |     6 ||    41

Table legend:
 A = Non-vault XP
 B = Vault XP
 C = Vault XP percentage of total XP
 D = Non-vault monster count
 E = Vault monster count
 F = Vault count percentage of total count
                 A         B        C        D         E       F
            +---------+---------+-------+---------+---------+-------
      Total |     763 |     848 |  52.6 |      68 |      74 |  52.1
            +---------+---------+-------+---------+---------+-------
        D:1 |      23 |       0 |   0.0 |      13 |       0 |   0.0
        D:2 |      61 |       2 |   3.2 |      23 |       2 |   8.0
        D:3 |      18 |       0 |   0.0 |       9 |       0 |   0.0
        D:4 |      87 |      34 |  28.1 |      11 |       6 |  35.3
        D:5 |     574 |     513 |  47.2 |      12 |      14 |  53.8
      Sewer |       0 |     299 | 100.0 |       0 |      52 | 100.0
            +---------+---------+-------+---------+---------+-------
